 Dungeon Crawl Stone Soup version 0.19-a0-1341-g3513869 (webtiles) character file.

81 st0uf the Covered (level 4, -1/41 HPs)
             Began as a Minotaur Fighter on Sept 1, 2016.
             Slain by Grinder (5 damage)
             ... on level 3 of the Dungeon.
             The game lasted 00:07:05 (1982 turns).

st0uf the Covered (Minotaur Fighter)                Turns: 1982, Time: 00:07:06

Health: -1/41      AC:  7    Str: 26    XL:     4   Next: 20%
Magic:  3/3        EV:  8    Int:  5    God:
Gold:   78         SH: 10    Dex: 10    Spells: 0 memorised, 3 levels left

rFire  . . .     SeeInvis +       - Unarmed
rCold  . . .     Gourm    .     a - +0 scale mail
rNeg   . . .     Faith    .     b - +0 shield
rPois  .         Spirit   .     (helmet restricted)
rElec  .         Dismiss  .     (no cloak)
rCorr  .         Reflect  .     (no gloves)
MR     .....     Harm     .     (no boots)
Stlth  ..........               (no amulet)
                                (no ring)
                                k - ring of see invisible

@: mighty
A: retaliatory headbutt, horns 2
a: no special abilities


You were on level 3 of the Dungeon.
You were very hungry.

You visited 1 branch of the dungeon, and saw 3 of its levels.

You collected 78 gold pieces.

Inventory:

Armour
 a - a +0 scale mail (worn)
 b - a +0 shield (worn)
Jewellery
 e - an uncursed amulet of guardian spirit
 k - a ring of see invisible (left hand)
Scrolls
 f - 2 scrolls of blinking {unknown}
 i - a scroll of fear {unknown}
 m - a scroll of amnesia {unknown}
Potions
 g - 2 potions of curing {unknown}
 h - a potion of agility {unknown}
 j - a potion of haste {unknown}
 n - a potion of cancellation
 o - a potion of lignification {unknown}
Comestibles
 d - a bread ration


   Skills:
 + Level 4.3 Fighting
 + Level 4.4 Armour
 + Level 1.9 Dodging
 + Level 4.2 Shields
 - Level 2.1 Unarmed Combat


You had 3 spell levels left.
You didn't know any spells.

Dungeon Overview and Level Annotations

Branches:
Dungeon (3/15)

Altars:
Elyvilon
Nemelex Xobeh
Vehumet

Annotations:
D:3 Grinder


Innate Abilities, Weirdness & Mutations

You reflexively headbutt those who attack you in melee.
You have a pair of horns on your head.


Message History

Grinder gestures at you.
You barely resist.
Your shield and scale mail prevent you from hitting Grinder.
Grinder is heavily wounded.
Grinder hits you.
* * * LOW HITPOINT WARNING * * *
You writhe in agony.
* * * LOW HITPOINT WARNING * * *
Unknown command.
You hit Grinder but do no damage. You headbutt Grinder.
Grinder is severely wounded.
Grinder blinks!
It was a potion of cancellation.
You feel magically purged.
You feel very mighty all of a sudden.
You completely miss Grinder.
Grinder is severely wounded.
Grinder hits you.
* * * LOW HITPOINT WARNING * * *
You writhe in agony.
You die...

.# #.# ######### #.#
####.......# #.#
..........# #.#
#........#########.##
#...........@5<.....##
#.....#####.....(....#
#.....# #.####....##
#.....# ###.# #.#.##
...5..###†# #...##
#.#.####. .....#
#.###....###....^...
..##.
#......_...5..+####. .
# #..###....###...## #
#.†# ##...# #....## ##


You could see Grinder.

Vanquished Creatures
  2 adders (D:2)
  3 oozes
  A worm (D:2)
  A dart slug (D:2)
  2 giant geckos (D:2)
  8 bats
  7 goblins
  6 hobgoblins
  3 jackals (D:3)
  5 giant newts
  5 kobolds (D:1)
  3 rats
46 creatures vanquished.

Vanquished Creatures (others)
  An adder (D:2)
1 creature vanquished.

Grand Total: 47 creatures vanquished

Notes
Turn   | Place    | Note
-------+----------+-------------------------------------------
     0 | D:1      | st0uf the Minotaur Fighter began the quest for the Orb.
     0 | D:1      | Reached XP level 1. HP: 19/19 MP: 0/0
   132 | D:1      | Reached XP level 2. HP: 26/27 MP: 1/1
   181 | D:1      | Reached skill level 1 in Dodging
   788 | D:2      | Found a sparkling altar of Nemelex Xobeh.
   898 | D:2      | Reached XP level 3. HP: 29/33 MP: 2/2
  1038 | D:2      | Found a white marble altar of Elyvilon.
  1214 | D:2      | Reached XP level 4. HP: 35/40 MP: 3/3
  1385 | D:3      | Found a radiant altar of Vehumet.
  1415 | D:3      | Noticed Grinder
  1580 | D:3      | Paralysed by Grinder for 7 turns
  1779 | D:3      | Paralysed by Grinder for 6 turns
  1790 | D:3      | Paralysed by Grinder for 4 turns
  1982 | D:3      | Slain by Grinder

Vault maps used:
D:1:      eino_arrival_tree_alley
D:2:      elyvilon_altar_4, nemelex_altar_shiori, moated_statue
D:3:      nicolae_overflow_crystal_walls, lightli_sewer_entry_pipes,
          bloody_trog, uniq_grinder

Skill      XL: |  1  2  3 |
---------------+----------+-----
Dodging        | 1 |  1.9
Fighting       | 4 |  4.3
Armour         | 4 |  4.4
Shields        | 4 |  4.2
Unarmed Combat | |  2.1

Action                   |  1- 3 |  4- 6 || total
-------------------------+-------+-------++-------
Melee: Unarmed           |   105 |    58 ||   163
       Headbutt          |    21 |    13 ||    34
  Use: Potion            |       |     2 ||     2
  Eat: Chunk             |     1 |     1 ||     2
Armor: Scale mail        |    52 |    28 ||    80
Dodge: Dodged            |    26 |    12 ||    38
Block: Shield            |    45 |    30 ||    75
